 Dungeon Crawl Stone Soup version 0.30-b1-2-g02819fbbbe (webtiles) character file.

Game seed: 3504523496387323472

43 DarkAdoniis the Covered (level 3, -1/33 HPs)
             Began as a Minotaur Fighter on Oct 30, 2023.
             Slain by a goblin
             ... wielding a +0 dagger
             ... led by Robin
              (3 damage)
             ... on level 2 of the Dungeon.
             The game lasted 00:05:30 (729 turns).

DarkAdoniis the Covered (Minotaur Fighter)           Turns: 729, Time: 00:05:31

Health: -1/33      AC:  7    Str: 22    XL:     3   Next: 37%
Magic:  2/2        EV:  9    Int:  5    God:
Gold:   32         SH:  4    Dex:  9    Spells: 2/2 levels left

rFire   . . .        a - +0 flail
rCold   . . .        c - +0 buckler
rNeg    . . .        b - +0 scale mail
rPois   .            (helmet restricted)
rElec   .            (no cloak)
rCorr   .            (no gloves)
SInv    .            (no boots)
Will    .....        (no amulet) Stlth
                     (no ring)
HPRegen 0.25/turn    (no ring)
MPRegen 0.08/turn

%: no passive effects
@: no status effects
A: horns 2, retaliatory headbutt
a: no special abilities


You were on level 2 of the Dungeon.
You visited 1 branch of the dungeon, and saw 2 of its levels.

You collected 32 gold pieces.

Inventory:

Hand Weapons
 a - a +0 flail (weapon)
Missiles
 e - 12 stones (quivered)
 f - 4 datura-tipped darts
Armour
 b - a +0 scale mail (worn)
 c - a +0 buckler (worn)
Scrolls
 g - a scroll of blinking {unknown}
 i - a scroll of fear {unknown}
 k - 2 scrolls of identify {unknown}
Potions
 d - 2 potions of might


   Skills:
 + Level 3.9 Fighting
 + Level 2.8 Maces & Flails
 + Level 4.7 Armour
 + Level 4.0 Shields


You had 2 spell levels left.
You didn't know any spells.
Your spell library contained the following spells:

 Spells                   Type           Power      Damage    Failure   Level
 Freeze                   Ice            0%         1d3       86%         1
 Frozen Ramparts          Ice            0%         1d1       99%         3
 Hailstorm                Conj/Ice       0%         3d3       99%         3


Dungeon Overview and Level Annotations

Branches:
Dungeon (2/15)

Altars:


Innate Abilities, Weirdness & Mutations

You have a pair of horns on your head.
You reflexively headbutt those who attack you in melee.


Message History

The goblin hits you with a +0 dagger. The hobgoblin barely misses you.
You block the goblin's attack.
You hit Robin but do no damage. Your headbutt misses Robin.
Robin is severely wounded.
The goblin hits you but does no damage. Robin hits you with a +0 spear.
The hobgoblin barely misses you. You furiously retaliate!
You headbutt the hobgoblin!
You kill the hobgoblin!
The goblin misses you.
Robin drinks a potion.
Robin is healed!
The goblin barely misses you.
Unknown command.
You sock Robin!
Robin is almost dead.
The goblin hits you but does no damage. Robin hits you with a +0 spear.
* * * LOW HITPOINT WARNING * * *
The goblin hits you but does no damage. The goblin hits you with a +0 dagger.
* * * LOW HITPOINT WARNING * * *
You hit Robin.
You kill Robin!
The goblin no longer looks unusually strong.
The goblin hits you but does no damage. x2
You hit the goblin.
The goblin is severely wounded.
You block the goblin's attack. The goblin hits you with a +0 dagger.
* * * LOW HITPOINT WARNING * * *
You completely miss the goblin.
The goblin is severely wounded.
The goblin hits you but does no damage. x2; You block the goblin's attack.
The goblin closely misses you.
You closely miss the goblin.
The goblin is severely wounded.
The goblin hits you with a +0 dagger.
* * * LOW HITPOINT WARNING * * *
The goblin hits you with a +0 dagger.
* * * LOW HITPOINT WARNING * * *
You sock the goblin!
You kill the goblin!
You block the goblin's attack. The goblin attacks as you move away!
The goblin hits you with a +0 dagger.
You die...

######.# #...# #....#
.P.#..####...# ####.#
.#.#.#.........# ##.#
...PPP..#.##...######..#
P#.#.#..#..#..........##
.. #.†#...........#..#
#.#.#..#.#....#########
PP.P.P....#...g)#
.#.#.#....<..##@+
.P.#........))# ###
##......####
......###...# ..#...#
###.# #<.....# .#
#..###.# . .. #. .. ..


You could see a goblin.

Vanquished Creatures
  Robin (D:2)
  A dart slug (D:1)
  4 ball pythons (D:1)
  2 endoplasms (D:1)
  11 goblins
  3 hobgoblins
  A quokka (D:1)
  A frilled lizard (D:1)
  2 rats (D:1)
26 creatures vanquished.

Vanquished Creatures (others)
  A plant (D:1)
1 creature vanquished.

Grand Total: 27 creatures vanquished

Notes
Turn   | Place    | Note
-------+----------+-------------------------------------------
     0 | D:1      | DarkAdoniis the Minotaur Fighter began the quest for the
                  | Orb.
     0 | D:1      | Reached XP level 1. HP: 19/19 MP: 0/0
   345 | D:1      | Reached XP level 2. HP: 27/27 MP: 1/1
   680 | D:2      | Identified the +2 helmet of a Gauntlet {rElec rN+}
   680 | D:2      | Noticed Robin
   715 | D:2      | Reached XP level 3. HP: 10/33 MP: 2/2
   724 | D:2      | Killed Robin
   729 | D:2      | Slain by a goblin

Illustrated notes

Levels and vault maps discovered:
D:1:      dpeg_arrival_shelter, layout_basic, serial_corexii_hall,
          chequers_hall_statues_wall_a, chequers_hall_statues_y,
          corexii_hall_statues_u, chequers_hall_statues_wall_a,
          minmay_shallow_snake_nest
D:2:      kennysheep_big_flooded_room, layout_rooms,
          shapermc_ecumenical_altar_mp_urbaneastern, nrook_uturn,
          dk_noncrumbling_2, serial_bayou_lake_a, uniq_robin, uniq_sigmund

Skill      XL: |  1  2 |
---------------+-------+-----
Armour         | 4 |  4.7
Shields        | 4 |  4.0
Fighting       | |  3.9
Maces & Flails | |  2.8

Action                     || total
---------------------------++-------
  Melee: Flail             ||    52
         Headbutt          ||     3
    Use: Potion            ||     2
 Armour: Scale mail        ||    41
  Dodge: Dodged            ||    38
  Block: Buckler           ||    19
